Workbook
Name SI: Matrice!$E$4

Sheet Tableau initial
A2: Domaine | B2: Thématique | C2: Objet | D2: Document(s) informatiques à mettre à jour | E2: Copie(s) à imprimer et classer | F2: Softamiante | G2: Fait pendant mon absence ?
A3: Gestion du personnel | B3: Formation | C3: Suivre le tableau des formations | G3: Partiellement
C4: Programmer les formations et Voir avec/prévenir Nicolas --> invitation sur le calendrier Outlook --> appel téléphonique --> noter la formation sur le PLANNING1 | D4: S:\Amiante\Chantier : PLANNING1 | G4: Partiellement
D5: S:\Certification MASE\Formations: D- Formation - Formations et Habilitations du personnel de chantiers v4 -- > ONGLET "Plan de formation" | G5: Partiellement
C6: Préparer la pochette de formation avec tous les documents importants : devis, convention, convocation, programme | E6: Pochette de formation | G6: Non
C7: Faire la demande de financement Constructys | D7: S:\Certification MASE\Formations: D- Formation - Formations et Habilitations du personnel de chantiers v4 -- > ONGLET "Plan de formation" | E7: Pochette de formation | G7: Partiellement
D8: S:\Certification MASE\Formations\2. DEFI Constructis | G8: non
C9: Une fois la formation réalisée, mettre à jour les documents concernés | D9: S:\Certification MASE\Formations: D- Formation - Formations et Habilitations du personnel de chantiers v4 | G9: oui
D10: -- > ONGLET "Formation ARVI" | G10: non
D11: -- > ONGLET "Ratio" | G11: non
D12: S:\Qualification 1512\PRO 01 Organisation responsabilité : PRO 01 D01 LISTE DU PERSONNEL v13 | G12: non
C13: Imprimer l'attestation de formation et la classer dans les classeurs concernés | E13: Classeur du salarié | G13: non
E14: Classeur AFNOR "Liste du personnel" | G14: non
E15: Pochette de formation qui sera ensuite classer dans un des classeurs "Formation" | G15: non
C16: Mettre à jour Softamiante | F16: Onglet Personnels | G16: Partiellement
C17: Mettre à jour les indicateurs MASE | D17: S:\Certification MASE\Plan d'action - Indicateurs : D-Tabord -Tableau d'indicateurs et d'objectifs --> indicateurs dans la thématique Compétence de notre personnel | G17: non
C18: Envoyer la feuille de présence et feuille de demande de financement renseignée à constructys | D18: S:\Certification MASE\Formations: D- Formation - Formations et Habilitations du personnel de chantiers v4 -- > ONGLET "Plan de formation" | G18: ne sait pas
B19: VM | C19: Programmer les VM et Voir avec/prévenir Nicolas --> invitation sur le calendrier Outlook --> appel téléphonique --> noter la formation sur le PLANNING1 --> Mettre la convocation dans son bureau et/ou la donner au salarié au plus proche du rdv | E19: Classeur du salarié | F19: Onglet Personnels | G19: Partiellement
C20: Une fois la VM reçue, mettre à jour les documents concernés | D20: S:\Certification MASE\Formations: D- Formation - Formations et Habilitations du personnel de chantiers v4 | E20: Classeur AFNOR "Liste du personnel" | G20: Partiellement
E21: Registre médical | G21: non
B22: Autorisation de conduite | C22: A refaire à chaque fois que la VM est passée, 1 fois par an | D22: S:\Certification MASE\Formations: D- Formation - Formations et Habilitations du personnel de chantiers v4 | E22: Classeur du salarié | F22: Onglet Personnels | G22: non
E23: Classeur AFNOR "Liste du personnel" | G23: non
B24: Carte BTP nouveau arrivant | C24: Faire la demande de carte BTP | F24: Onglet Personnels | G24: non
C25: Réceptionner la carte BTP | D25: S:\Certification MASE\Salariés : D-Carte BTP ARVI | E25: Classeur du salarié | G25: non
C26: Donner la carte BTP au salarié | E26: Classeur carte BTP | G26: non
E27: Classeur AFNOR "Liste du personnel" | G27: non
B28: Fit Test | C28: A réception du Fit test, le classer et imprimer | E28: Classeur AFNOR "Liste du personnel" | F28: Onglet Personnels | G28: non
E29: Classeur du salarié | G29: Non
E30: Classeur Fit Test | G30: non
B31: Accueil des nouveaux salariés | C31: Réalisation de l'accueil sécurité et questionnaire associé | D31: S:\Certification MASE\Accueil : D-Checklist nouveaux embauchés | E31: Classeur du salarié | G31: non
C32: Donner le sac comportant tout ces EPI + son masque au salarié | D32: S:\Certification MASE\Accueil : D-Checklist nouveaux embauchés | G32: oui
C33: Commander les vêtements ELIS | D33: S:\Certification MASE\Accueil : D-Checklist nouveaux embauchés | G33: non
C34: Affecter un casier ELIS + un casier perso | D34: S:\Certification MASE\Accueil : D-Checklist nouveaux embauchés | G34: non
B35: Fiches d'exposition | C35: En début d'année, extraire les fiches d'exposition de Softamiante | D35: S:\Qualification 1512\INS 01 Enregistrement de l'exposition | F35: Personnels - Imprimer "Synthèse des expositions" | G35: NC Aujourd'hui
C36: Vérifier et envoyer les fiches d'exposition au médecin du travail | G36: NC Aujourd'hui
A37: Softamiante | B37: Gestion des fiches d'écart | C37: Lecture, analyse, résolution et clotûre des fiches d'écart 25 erreurs actuellement car 25 fiches d'écart non cloturées. Doit être géré tous les jours, la résolution des écarts ne doit pas attendre | F37: Onglet Ecarts | G37: non
B38: Gestion des erreurs "Dossier" (environ 80 erreurs avant mon départ, 185 actuellement) | C38: Chevauchement du matériel --> essayer de résoudre le problème, il n'est pas possible d'avoir le même matériel sur 2 chantiers en même temps (sauf cas particulier type 2 chantiers en 1 journée ou chantiers Hopkinson) | F38: Onglet Dossiers | G38: non
C39: Rapprochement des analyses --> Une fois les analyses saisies, si le logiciel ne trouve pas de correspondance avec ce que le chef a noté dans "analyses - Mise en place" il créé une erreur : l'analyse concernée apparait en rouge dans cet onglet | F39: Onglet Dossiers Bouton d'aide pour voir les analyses à rapprocher dans la "clef à molette" | G39: non
C40: Chevauchement d'horaire --> vérifier pourquoi, bien souvent doublon de ligne | F40: Onglet Dossiers | G40: non
C41: Saisir la date de facturation --> Charlène le reçoit et le gère | G41: oui
C42: Saisir la date d'envoi du RFT --> Le chantier est terminé, facturé et payé : le RFT doit être finalisé et envoyé. Une fois réalisé la date d'envoi du RFT doit être noter pour cloturer le dossier et faire disparaitre l'erreur | F42: Onglet Dossiers | G42: non
C43: Vérification des écarts entre quantités réelles et estimées --> Explication obligatoire du chef sur le logiciel / Voir avec Nico si on valide l'écart ou pas | G43: non
C44: Faire signer les salariés qui n'ont pas signer leur fiche d'exposition | G44: non
C45: Vérification de l'écart entre dimension réelle et estimée de la taille du confinement | G45: non
C46: Pointage sur confinement non prévu --> Analyser la situation, voir si au moment de la création du dossier oubli de noter qu'il y a du confinement ou si c'est le chef qui s'est trompé dans sa saisie (calfeutrement?) | G46: non
C47: Saisir la dimension réelle du confinement : pourquoi le chef ne l'a pas saisie? | G47: non
C48: Manque examen visuel --> le faire faire au chef, pourquoi il manque ? | G48: non
C49: 0 saisie sur le chantier alors que les déchets sont évacués donc il est terminé, pourquoi ? Problème avec l'ordi portable ? Le chantier doit être re saisi sur Softamiante | G49: non
B50: Création des chantiers sur Softamiante | C50: Une fois le PDR réalisé et envoyé, crée le chantier sur softamiante + les déchets | G50: oui
B51: Fermer les chantiers terminés | C51: Une fois le chantier terminé, la date de fin de travaux et de libération doivent être notées. Ainsi le chantier passe de sa phase "Verte" chef de chantier à sa phase "violette" de gestion après chantier | G51: non
B52: Gestion de l'onglet personnels | C52: 30 erreurs : CRITIQUE : ce n'est pas normal --> regarder les erreurs et les résoudre c'est soit : --> Formation qui va se périmer ou qui est périmée --> Document que le logiciel ne trouve plus, pourquoi ? Renommé ? Déplacé ? En l'occurrence c'est le fait que le profil de Mika ait été réactivé qui a créé la plupart des erreurs.. (doc manquants ou formation dépassées..) | G52: non
B53: Gestion de l'onglet équipements | C53: Pourquoi l'équipement est en erreur ? --> Doit partir en révision ? --> Révision dépassée ? --> Chez le fournisseur depuis plus d'1 mois ? PAR NORMAL ! --> Défectueux ? --> Document associé introuvable, pourquoi ? Déplacé ou renommé pourquoi ? | G53: Partiellement
B54: Gestion de l'onglet indicateurs | C54: Il sert à minima au début de chaque mois pour remplir les indicateurs MASE | G54: non
B55: Gestion de l'onglet Référentiel | C55: Dans activité, il faut vérifier de temps en temps que rien ne soit en rouge, si c'est le cas c'est qu'un fichier a été déplacé (les notices de postes sont ici). Il faut regarder pourquoi et le remettre | G55: non
B56: Gestion de l'onglet Déchets | C56: Le nombre d'erreur doit être le plus bas possible (52 actuellement c'est trop), s'il y a une erreur : --> Dans 90% des cas c'est par manque de CAP ou date CAP dépassée : faire le point sur le circuit du CAP --> Dans les autres cas, c'est qu'il ne trouve plus un document (déplacé ou renommé) pourquoi ? Autant d'erreur ce n'est pas normal sauf si l'envoi de beaucoup de plan de retrait avec beaucoup de déchet. Un déchet saisi sur Softamiante depuis 2 semaine s'il n'a pas le CAP il faut relancer le client et/ou Samir de TEP | G56: Partiellement
B57: Gestion de l'onglet Analyses | C57: Cet onglet ne doit comporter des erreurs uniquement si: --> L'analyse a été mise en "suspendu" car en attente d'une modification de PROTEC Actuellement il a 5 erreurs, est-ce du uniquement à ces analyses "Suspendu" ? Si oui, PROTEC a été relancé ? L'erreur peut être du aussi au déplacement ou modification de nom du doc pdf et le logiciel ne le trouve plus --> L'erreur doit être résolue | D57: Suivi des problèmes analyses - Laboratoires | G57: ne sait pas
B58: Evolutions du logiciel - Suivi du plan d'action | C58: Suivi du plan d'action et réalisation des actions | D58: S:\4D : 4D-PlanAction Softamiante | G58: non
B59: Suivi des problématiques | C59: Réponses aux appels/questions des chefs - Gestion avec M. Canneddu si besoin | G59: ne sait pas
A60: Document unique | B60: DUER Amiante | C60: Mise à jour du DUER Amiante avec les analyses META OP reçue | D60: PRO 16 D01 DUER AMIANTE | G60: non
C61: Mise à jour des processus avec les analyses META OP reçue | D61: Notice de poste concernée dans S:\Qualification 1512\MOP 314 et suivants - Processus | E61: Classeur AFNOR Processus, mettre la META OP dans le processus correspondant | G61: non
B62: DUER ARVI | C62: A la mise à jour du DUER Amiante, en fonction de l'avancement de la validation du processus le DUER ARVI doit être aussi mis à jour | G62: non
A63: Réponse aux organismes officiels | B63: Réponse aux lettres de l'inspection du travail | C63: A la réception d'une lettre de l'inspection du travail : --> Noter la date de réception de la lettre dans Softamiante --> Noter les infos de la lettre dans le tableur Excel --> Scanner la lettre, la renommer et mettre dans le dossier | D63: S:\Amiante --> REP IT | F63: Onglet Dossier - Dans le chantier "Identification" | G63: non
C64: Répondre à l'inspection du travail (si c'est par mail, le noter dans le tableur Excel et mettre le mail dans le dossier) | D64: S:\Amiante --> REP IT | E64: Copie dans le classeur bureau du chantier | G64: non
C65: Noter la date de l'envoi de la réponse dans le tableur Excel et sur Softamiante mettre le scan de la réponse et coché "réponse à l'IT" | D65: S:\Amiante --> REP IT | F65: Onglet Dossier - Dans le chantier "Identification" | G65: non
B66: Réponse aux lettre de la CARSAT | C66: Exactement même procédure | D66: S:\Amiante --> REP IT | F66: Onglet Dossier - Dans le chantier "Identification" | G66: PAS DE LETTRE RECUE A PRIORI
A67: Gestion des chantiers | B67: Réception commande | C67: Créé le n°de A, noter la commande dans le PLANNING1 | G67: oui
C68: Donner la commande papier à Charlène | G68: non
C69: Envoyer le DRAX au client | G69: Partiellement
B70: Etablissement du PDR | C70: Faire le PDR | G70: oui
B71: Chantiers Hopkinson | C71: Mettre à jour le tableau de suivi de ces chantiers | D71: S:\Amiante\Chantier\003 LOCACIL - Tableaux d'avancement --> chantier HOPKINSON | G71: Non
C72: Envoyer tous les vendredis ce tableau à jour par mail à l'ensemble des intervenants concernés | D72: Envregistrement du tableau hebdomadaire dans S:\Amiante\Chantier\003 LOCACIL - Tableaux d'avancement\Tableaux avancement chantiers HOPKINSON\2019 | G72: non
C73: Demander la VIC à M. TRECH | D73: S:\Amiante\Chantier\003 LOCACIL - Tableaux d'avancement --> chantier HOPKINSON | E73: Copie dans le classeur chantier | F73: Onglet Dossier - Dans le chantier "Identification" | G73: non
C74: Suivre toute la procédure d'envoi des documents par mail à Nicole : --> Envoi du PDR à Nicole --> Envoi de la VIC à Nicole --> Envoi de la consignation électrique à Nicole copie M. TRECH --> Envoi de la date et heure du test de fumée + contact et lieu (48h à l'avance) à Mme PAULET copie Nicole et Nicolas --> Envoi des analyses libératoire à Nicole copie Richard : Attente de la rep de Nicole pour déconfiner (la relancer si besoin) --> Envoi des factures + BSDA à Nicole : attente de sa validation pour envoyer par courrier à LOCACIL --> Envoi du RFT à Nicole copie M. DUREL (le tableau récap est derrière mon bureau) | D74: Mettre la copie des mails envoyés dans le dossier correspondances client du chantier Noter la date d'envoi des documents dans S:\Amiante\Chantier\003 LOCACIL - Tableaux d'avancement --> chantier HOPKINSON | G74: non
C75: Récupération des clefs à Hopkinson | G75: oui
C76: Réalisation des photos avant de l'appartement (CRITIQUE SI APPARTEMENT OCCUPE) | D76: Mettre les photos dans le chantier | G76: ne sait pas
C77: Consignation électrique de l'appartement | F77: Onglet Dossier - Dans le chantier "Identification" | G77: Partiellement
C78: Pose des analyses états initiaux | F78: Onglet Dossier - Dans le chantier "Analyse" - "Mise en place" | G78: oui
C79: Réalisation des photos après chantier | D79: Mettre les photos dans le chantier | G79: ne sait pas
B80: Chantiers SS4 | C80: Obligation règlementaire de déclarer au moins 1 fois par an le processus réalisé en SS4, suivi des envois des MOP SS4 à l'inspection du travail | D80: S:\Amiante : Suivi envoi IT chantiers SS4 | G80: ne sait pas
B81: sous-traitance | C81: si besoin, réalisation des contrats de sous-traitance (échafaudage, ligne de vie, bâche thermo, …) + demande des docs administratifs + questionnaire MASE | D81: S:\Chiffrage\Pièces administratives\Sous traitance : Suivi des sous-traitants | E81: Classeur sous-traitant | G81: ne sait pas
B82: Chantiers plomb | C82: Envoyer le PPSPS au médecin du travail et demander l'ordonnance pour la prise de sang avant et après chantier | G82: ne sait pas
C83: Prévoir ces prises de sang | G83: ne sait pas
B84: Chantier spécifiques - demandes de badge | C84: Faire les demandes d'accès au site concerné | G84: NC Aujourd'hui
B85: Classement des documents | C85: Tous les documents VIC, PGC, consignations, vérification élec, etc… Doivent être mis dans le dossier, renommés et mis sur Softamiante dans le chantier ! Les gars doivent avoir accès informatiquement à toutes les données qui peuvent leur être utile | E85: Classeur chantier | F85: Onglet Dossier | G85: Partiellement
B86: Demande de devis spécifique | C86: En cas de gros chantier ou besoin spécifique : demande de devis location adduction d'air ou gestion des déchets ou matériel spécifique | G86: ne sait pas
A87: MASE | B87: Plan d'actions | C87: Suivi et mise en œuvre du plan d'action | D87: S:\Certification MASE\Plan d'action - Indicateurs : D-PlanAction - Plan d'actions permanent | G87: non
B88: Indicateurs | C88: Suivi et remplissage des indicateurs | D88: S:\Certification MASE\Plan d'action - Indicateurs : D-Tabord -Tableau d'indicateurs et d'objectifs | G88: non
B89: sous-traitance | C89: Evaluation des sous-traitant (annuellement ou à la fin d'une intervention) | D89: S:\Certification MASE\Sous-traitants - Locatiers : D-EvalST - Formulaire d'Evaluation Sous traitants 2019 | G89: NC Aujourd'hui
D90: S:\Certification MASE\Sous-traitants - Locatiers : D- Suivi Fournisseurs - Sous traitants | G90: NC Aujourd'hui
B91: Suivi des PV | C91: En cas de réception de PV mettre à jour le tableau et les indicateurs | D91: S:\Certification MASE : D- PV - Controle Infraction au code de la route | G91: ne sait pas
D92: S:\Certification MASE\Plan d'action - Indicateurs : D-Tabord -Tableau d'indicateurs et d'objectifs | G92: ne sait pas
B93: Causerie | C93: Organiser les causeries (à minima 6 par an) | D93: S:\Certification MASE\Causeries Sécurité\Causerie 2019 | G93: non
C94: Faire le compte rendu de causerie | D94: S:\Certification MASE\Causeries Sécurité\Causerie 2019 D-Participation2019 | E94: Classeur MASE Causerie | G94: NC Aujourd'hui
D95: S:\Certification MASE\Causeries Sécurité\Causerie 2019 D-Causerie - Emargement | G95: NC Aujourd'hui
B96: Audit chantier | C96: Faire un audit chantier par semaine à minima | D96: S:\Certification MASE\Audit Chantier D-Participation Audit 2019 | E96: Classeur MASE Audits chantier | G96: non
C97: Scanner l'audit chantier avec les photos réalisées | D97: S:\Qualification 1512\PRO 14 Audit Interne de chantier : PRO 14 D01 v7 - Feuille d'audit chantier | G97: non
C98: Mettre les photos réalisées dans le dossier du chantier | D98: S:\Certification MASE\Audit Chantier\2019 : Scan de l'audit | G98: non
C99: Si besoin réalisation de fiche(s) d'écart | F99: Ecarts | G99: non
B100: News | C100: Réalisation des News mensuelles | D100: S:\Certification MASE\News D - News - NEWS ARVI v14 | G100: oui
B101: Revue de direction | C101: En début d'année, faire la revue de direction | D101: S:\Certification MASE\Revue de Direction | G101: NC Aujourd'hui
...

Sheet Missions principales 
M3: Niveau de priorité | O3: CE QUI EST IMPORTANT | P3: CE QUI EST URGENT
M4: A | N4: activités importantes et urgentes, tâches à exécuter immédiatement et soi-même | O4: Les activités dites importantes nous permettent de progresser dans nos objectifs, qu’ils soient professionnels ou personnels. Cette importance se mesure par l’ampleur des conséquences négatives si nous ne les réalisons pas. Ex: Avoir une bonne hygiène de vie, en faisant une activité physique, ou développer sa passion. | P4: Les activités dites urgentes requièrent une attention immédiate, et sont souvent liées aux objectifs de quelqu’un d’autre. Elles ont une échéance donnée avant d’être irréalisables, ou avec des conditions dégradées. Ex: Les soldes finissent dans quelques jours et je n’ai pas fait mes achats.
A5: Thematique | B5: Domaines | C5: Tâches | D5: FAR | E5: Frq P | F5: Commentaires | G5: PAR | H5: Priorité | I5: Outils | J5: NBR O | K5: Proposition d'optimisation | M5: B | N5: activités importantes mais peu urgentes, tâches à planifier et exécuter soi-même
A6: RH | B6: Gestion des recyclages et formations | C6: Suivre le tableau de gestion des formations | D6: 1 fois/jour | E6: Au besoin | F6: Souplesse suivant type de formation obligatoire pas -dépend fortement du plannig du chantier - prévisible à 1 mois | G6: A | H6: B | I6: Tableau excel Suivi des formations et Soft Amiante | K6: décision à prendre sur cette notion de souplesse - n'arrive pas à anticiper avec Nicolas les formations non urgentes ( HoBO par ex) - Checker les formations à traiter avec aucune souplesse et les autres et voir si on peut trouver un MO convenant à tout le monde | M6: C | N6: activités urgentes mais peu importantes, tâches à déléguer rapidement
A7: RH | C7: Programmer les formations | D7: Au besoin | E7: Au besoin | F7: Difficultés pour planifier les formations non obligtaoires : changement planning | G7: A | H7: B | K7: décision à prendre sur cette notion de souplesse - n'arrive pas à anticiper avec Nicolas les formations non urgentes ( HoBO par ex) - Checker les formations à traiter avec aucune souplesse et les autres et voir si on peut trouver un MO convenant à tout le monde | M7: D | N7: activités peu urgentes et peu importantes, tâches inutiles à abandonner
A8: RH-AD | C8: Notifier la formation sur le planning et sur outlook | D8: Au besoin | E8: Au besoin | G8: A | H8: B | K8: Insertion de réunions de chantiers mensuelles optimisées
A9: RH-AD | C9: Mettre à jour le dossier Formation salarié | D9: Au besoin | E9: 1fois/trim | G9: B | H9: C | I9: classeurs afnor et salarié ? Pochette formation | K9: redondance du classement - etude à faire pour voir comment on peut supprimer le classement papier -informatique - devrait passer en D
A10: AD | C10: Mettre a jour Soft-Amiante | D10: Au besoin | E10: Au besoin | G10: A | H10: B | O10: 1 fois/jour
A11: SSE-AD | C11: Mettre à jour les indicateurs MASE | D11: Au besoin | E11: 1fois/trim | F11: fait en doublon avec le suivi des indicateurs | G11: A | H11: D | O11: 1 fois /sem
A12: RH-AD | B12: Mise en place et suivi des formations réalisées | C12: Faire la demande financement auprès de Constructys | D12: Au besoin | E12: Au besoin | G12: A | H12: C | K12: A la demande de l'OPCO
A13: RH | C13: Suivre les prises en charge formation constructys | D13: 1fois/trim | E13: 1fois/trim | G13: B | H13: C | K13: auj arrive par mail -et par courrier quand le versement est fait - avoir si gestion globale des demandes sur la nouvelle plateforme - | O13: 1 fois /mois
A14: RH | C14: Suivre le budget formation | D14: 1fois/trim | E14: 1fois/trim | G14: B | H14: C | K14: RH charges formation obligation formation | O14: 2fois/an
A15: RH | B15: Gestion des VM | C15: Suivre les VM | D15: Au besoin | E15: 1 fois /mois | G15: A | H15: B | I15: Tableau Suivi des formations et Soft Amiante | K15: pas le choix a l'avance - au moins 1 mois à l'avance avec les réunions mensuelles | O15: 1fois/trim
A16: RH | C16: Progammer les VM | D16: Au besoin | E16: 1 fois /mois | G16: A | H16: B | O16: Au besoin
A17: RH-AD | C17: Notifier la formation sur le planning et sur outlook | D17: Au besoin | E17: 1 fois /mois | G17: A | H17: B | O17: 1fois/semestre
A18: RH-AD | C18: Réceptionner et transmettre la convocation pour et au salarié | D18: Au besoin | E18: Au besoin | G18: A | H18: B | K18: Laura qui reçoit la convocation et impression - et appel la veille de l'intéréssé pour qu'il y aille - pas de possibilité de leur donner en direct ou par l'intermédiaire de Nico. | O18: 1fois/an
A19: SSE-AD | C19: Mettre a jours les indicateurs MASE sur les VM et les Formations | D19: 1 fois /mois | E19: 1fois/trim | F19: EN DOUBLON AVEC LES SUIV DES INDICATEURS | G19: B | H19: D
A20: RH-AD | C20: Mettre à jour les classeurs ad | D20: Au besoin | E20: 1fois/trim | G20: A | H20: C | I20: Classeur registe du personnel et classeur AFNOR
A21: SSE | B21: Gestion des autorisations de conduite | C21: Suivre les autorisations de conduite | D21: Au besoin | E21: Au besoin | G21: A | H21: B | I21: Tableau excel des formations et des habilitations | K21: règles parapheurs à redéfinir ensemble -signée par Pascale
A22: SSE | C22: Mettre à jour l'autorisation de conduite et la transmettre aux salariés | D22: Au besoin | E22: Au besoin | G22: A | H22: B | I22: Version informatique et papier | K22: trouver un système légal de renouvellement des autorisations de conduite - a réfléchir afin d'éviter la redondance de la refaite et de l'impression + signature
A23: SSE-AD | C23: Classer les autorisations de conduite mises à jour | D23: Au besoin | E23: 1fois/trim | G23: A | H23: C
A24: RH | B24: Gestion des cartes BTP | C24: Créer et suivre les demandes de cartes BTP (demande -reception et transmission salarié) | D24: Au besoin | E24: Au besoin | F24: Nouvel arrivant ou perte | G24: A | H24: B | I24: Tableau de suivi -classeur du salarié -classeur BTP et classeur AFNOR et soft amiante | K24: EXISTE UNE PLATEFORME DE GESTION - TRIPLON 0 SUPPRIMER - remise avec tableau de suivi excel - + signature - réfléchir à un système de remise avec les papiers nouvel arrivants
A25: SSE | B25: Accueil Sécurité des nouveaux salariés | C25: Réaliser l'accueil sécurité : video | D25: Au besoin | E25: Au besoin | F25: Nouvel arrivant | G25: A | H25: C
A26: SSE | C26: Corriger le questionnaire de l'accueil sécurité | D26: Au besoin | E26: Au besoin | F26: Nouvel arrivant - procédure PASE ? Voir application | G26: A | H26: C | I26: cf procédure PASE
A27: RH /SSE | B27: Accueil administratif du nouvel entrant | C27: Suivi entrée du nouveaux salarié | D27: Au besoin | E27: Au besoin | F27: DOC DE CONTRÔLE | G27: B | H27: C | I27: Tableau de ckecklist | K27: DOSSIER DES SALARIES
A28: RH /SSE | C28: Suivi sortie du nouveau salarié | D28: Au besoin | E28: Au besoin | F28: DOC DE CONTRÔLE | G28: B | H28: C | I28: Tableau de ckecklist | K28: DOSSIER DES SALARIES
A29: LOG | C29: Affectation d' un casier bleu : étiquette à son nom et à plastifier | D29: Au besoin | E29: Au besoin | G29: B | H29: C | K29: Voir nb casiers ?
A30: LOG | C30: Commander les EPI auprès de ELIS et LAPRO | D30: Au besoin | E30: Au besoin | G30: B | H30: C
A31: LOG | C31: Remettre les EPI au salarié | D31: Au besoin | E31: Au besoin
A32: SSE | C32: Planifier les Fit TESTS | D32: Au besoin | E32: Au besoin | G32: A | H32: C
A33: SSE-AD | B33: Gestion des FIE | C33: Extraire et REC les fiches d'exposition de Soft-Amiante | D33: 1fois/an | E33: 1fois/an | G33: B | H33: C | I33: 1 fiche par salarié informatique
A34: SSE | C34: Vérifier les expositions avant envoi au medecin du travail | D34: 1fois/an | E34: 1fois/an | F34: pb de limite d'exposition et de recalcul sur la durée de l'exposition - si erreur : modifie sur tableau en direct | G34: B | H34: B | K34: Montée en compétence Baptiste pour compréhension des enjeux
A35: SSE-AD | C35: Envoi des FIE au médecin du travail | D35: 1fois/an | E35: 1fois/an | F35: Envoyé par fanny avec LAAR -Courrier préparé par Laura | G35: C | H35: C | I35: Copie PDF de l'envoi -LAAR-Impression des FIE (*20)Classeur AFNOR | K35: Voir avec le médecin du travail si possibilité de réception - peut faire LAAR par net
A36: AD-OP | B36: Administration SSE- Référent(e) Soft Amiante | C36: Créer les chantiers sur soft amiante | D36: Au besoin | E36: Au besoin | F36: Tache déléguée par la pratique à la HSE - qui assure un suivi du planning et vérifie si chantiers créés - 60% assuré par CDT | G36: A | H36: B | K36: glissement de taches - a poser
A37: SSE | C37: Suivre les étapes du chantier sur Soft Amiante sur la partie HSE | D37: Au besoin | E37: Au besoin | F37: Fait au fil de l'eau | G37: B | H37: B
A38: SSE | C38: Traiter les erreurs et les alertes sur Soft Amiante. | D38: Au besoin | E38: Au besoin | F38: dépends des erreurs - priorité donnée au chantier | G38: A | H38: A
A39: AD | C39: Suivre et identifier les évolutions potentielles du logiciel Soft Amiante | D39: Au besoin | E39: 1fois/trim | F39: Relance et suivi | G39: B | H39: B | I39: Plan d'action Soft Amiante-Suivi et avancement des évolutions Soft Amiante
A40: AD | C40: Etre la personne référente interface logiciel SA avec les utilisateurs si bug | D40: Au besoin | E40: Au besoin | F40: tous les jours appels d'un chef de chantier -*dans 80% des cas arrive à résoudre - 10 min à 2 heures de traitement | G40: A | H40: A
A41: SSE | C41: Saisir et mettre à jour Soft Amiante-matériel-équipements-mises a jour formations-analyses-PDR-avancement chantier-HSE-expositions …. | D41: Au besoin | E41: Au besoin | G41: B | H41: C | I41: SOFT AMIANTE
A42: AD-OP | C42: Rédiger et envoyer le rapport de fin de travaux RFT | D42: Au besoin | E42: Au besoin | F42: envoi du rapport dès que commande - | G42: B | H42: C | I42: Soft amiante | K42: avec validation tierce avant impression-créer une ckeck list des points à vérifier
A43: SSE | B43: Evaluation des risques professionnels | C43: Suivre et mettre à jour le DUERP Amiante avec les analyses META | D43: 2fois/mois | E43: 1 fois /mois | F43: Impression des analyses et mises a jour des processus sur les notices depostes et sur le DUERP | G43: B | H43: B | I43: 6 classeurs - analyses par processus | K43: Voir conditions de délégation pour le départ en congé mater de Laura - voir si possible de le faire faire par soft amiante
A44: SSE | C44: Suivre et mettre a jour le DUERP global | D44: 1fois/an | E44: 1fois/an | F44: A analyser et voir les pistes dAM | G44: B | H44: C
A45: SSE | B45: Gestion interlocteurs institutionnels | C45: Répondre aux IS MT CARSAT | D45: Au besoin | E45: Au besoin | F45: Dépend du planning du chantier - 1 semaine / 2/3 jours avant l'ouverture du chantier pour les PDR | G45: B | H45: B | I45: Soft Amiante et Tableau Excel | K45: le fait avec Nico - car réponse technique - devrait être fait par Nico mais pb de temps
A46: AD-OP | B46: Suivi HSE Chantiers spécifique Amiante | C46: Rédiger le PDR à chaque commande de nouveaux chantiers | D46: Au besoin | E46: Au besoin | F46: La HSE a mis en place une fiche etude de faisabilité - Travaillée avec Laurent -Si cette fiche est remplie - peut rédiger le PDR seule avec une vérification ensuite. Fiche dans la pratique qui n'est pas systématiquement remplie-Glissement de tâche et perte de temps -Vérifier si remplie de manière sytématique. Possible de glissement de tâche | G46: A | H46: C | I46: Fiche Etude deFaisabilité | K46: Processus rédaction du plan de retrait -Doit etre rédigé avec celui qui a fait le devis. Mettre à plat le processus et le Qui fait Quoi. En B possible - suvi des commandes en attente - voir comment les planifier-
A47: AD-OP | C47: Etablir les déclarations de chantiers | D47: 1 fois /mois | F47: Auditeur préconise une fois par semaine - a vérifier avant le 25 de chaque mois à l'AFNOR - plateforme AFNOR -Document type - HSE prépare le fichier et nico doit remplir la colonne H - pour un envoi le vendredi | G47: B | H47: C | K47: Procedure à mettre en place - audit audits chantiers par an
A48: SSE | C48: Saisir et suivre les analyses sur Soft Amiante. | D48: Au besoin | E48: Au besoin | F48: conditionne l'ouverture du chantier sur soft amiante | G48: A | H48: C
A49: SSE-AD | B49: Chantiers SS4 | C49: Envoyer et suivre les processus des chantiers SS4 à l'IS | D49: 1fois/an | E49: 1fois/an | F49: voir reglementation | G49: B | H49: C | K49: Process ?
A50: SSE | B50: Chantiers plomb | C50: Etablir et envoyer le PPSPS au médecin du travail pour les chantiers plomb | D50: Au besoin | F50: voir règlementation | G50: A | H50: B | K50: mettre en place procédure déclenchement procédure plomb
A51: SSE | C51: Gérer les prises de sang des salariés pour les chantiers plomb | D51: Au besoin | E51: Au besoin | F51: souci de planification des gars pour demander les ordonnances des prises de sang-Auj les fait passer au Labo. Suivant le planning : si plusieurs chantiers plomb prise de sang après tous les chantiers- probleme de sensibilisation par l'infirmière - car difficulté de planning - mai 2017 dernière sensibilisation. il y en a qui refuse de faire des chantiers plmob (2 phobie des prises de sang) et question autour de l'équilibre de traitement pour ceux qui font ou pas les chantiers plomp. | G51: A | H51: B | I51: Tableau de suivi | K51: Travailler solution pour dispo pour prise de sang. POINT BORDERLINE
A52: SSE | B52: Audits sécurité | C52: Réaliser les audits chantiers | D52: 1 fois /sem | E52: 1 fois /sem | F52: Réalisés essentiellement par les HSE - Pas suivi depuis aout 2019 -analyser la fiche de visite -question de la simplifier - ou définir deux typologies de visites chantiers (en thématique et en controles audit afnor) | G52: B | H52: B | K52: Intégrer la partie encadrement dans le processus audit terrain. Définir une fréquence -
A53: SSE | C53: Rédiger et analyser le CR de visite chantiers : scan et téléchargement des photos et impression | D53: 1 fois /sem | E53: 1 fois /sem | F53: pas d'analyse a proprement parlé. | G53: A | H53: C | K53: Saisie efficace pour mettre en exergue les redondances des Am sur chantiers pour y apporter une analyse et une solution. Logiciel (développement possible ou pas ? )
A54: SSE | B54: Protocoles Sécurité | C54: Suivre et mettre à jour les protocoles de sécurité | D54: 1fois/an | E54: 1fois/an | F54: Purement ad | G54: B | H54: C
A55: SSE | B55: Sensibilisation SSE | C55: Préparer et animer les causeries sécurité | F55: 6 fois par an -3 réalisées depuis le débiut de l'année. Ne fonctionne pas. A la dernière minute pour la fixation des jours. Dépend du planning de Yannick. | G55: A | H55: B | K55: Process a définir
A56: SSE-AD | C56: Enregistrer les feuilles d'émargement des causerie. | F56: Dès qu'une causerie est réalisée - REX causerie est -il réalisé suites aux questions posées par les salariés ? Et comment sont traitées les questions ? Prise d'action ? | G56: B | H56: C | I56: Tableau de suivi du taux participation et capitalisation des thèmatiques des causeries
A57: SSE-LOG | B57: Gestion des équipements - Matériel | C57: Suivre les vérifications périodiques des équipements et du matériel | D57: 1 fois /mois | F57: soft amiante avec bouton rouge - | G57: B | H57: D | I57: soft amiante et tableau Excel | K57: Géré par SA et alertes mails ( à travailler).Travail sur outil à faire en vue de supprimer les tableaux excel (mini deux )
A58: LOG | C58: Prendre les rendez vous pour garantir le suivi périodiques et des réparations des véhicules et matériels | D58: Au besoin | E58: Au besoin | F58: contrat annuel ? A vérifier - fournisseurs - | G58: B | H58: C | I58: Tableau de suivi des vérifications périodiques | K58: Soft Amiante - tant que pas fait en rouge-Gestion dans les mails du suivi des demandes-devrait pouvoir etre déléguer à Batispte
A59: SSE | C59: Vérifier le contenu des trousses de secours | D59: 2fois/an | F59: Laura n'est pas SST pour vérifier les trousses ? Regarder le contenu si règlementaire ? | G59: B | H59: C | I59: TABLEAU PLANNING PRO 08 D01 | K59: Process a définir - formaliser
A60: SSE-LOG | C60: Gérer les consommables -devis-commandes-réception EPI compris ? | D60: Au besoin | E60: 1fois/trim | F60: HARNAIS : Consommable - etiquette de conformité - coupé avec le harnais après chaque utilisation - fonctionne bien - sur soft amiante - commentaire dans travaux en hauteur avec numero de serie les EPI sont stockés dans le bureau des HSE - pour le moment pas suivi depuis le départ de Coline- donc gère au besoin | G60: A | H60: C | I60: plusieurs tableau de gestion des stock :2 : 1 pour le suivi du stock et 1 autre qui regroupe les outils (remise-prix…). | K60: Formaliser process EPI-Travailler process stockage. Présenter les S aux dirigeants pour application - Optimiser le stockage du dépôt et l'organiser. Travail en groupe. Se munir d'un logiciel "gratuit ou peu cher " de gestion du matériel - à regarder sur le net ou logiciel de gestion QHSE HSE ? Pistes de réflexion.
A61: LOG | C61: Rechercher le matériel défectueux, et/ou à contrôler. | D61: Au besoin | F61: Temps recherche des HSE : arrivé a 2 semaines laissé tombé - pas de lieu de stockage par chef de chantier -matériel non pointé - pris -repris - arrive que le matériel soit pointé sur un autre chantier ou d'endroit stoackage tampon | G61: A | H61: D | K61: Processus à mettre en place - stockage à réorganiser - définir le nombre EPI par personnes ( a formaliser). Gestion bottes et autres EPI hors amiante ( sac EPI)
A62: SSE | B62: Gestion des déchets | C62: Prendre en charge la gestion de l'ICPE | F62: ICPE 2718-2 tonnes d'amiante ( a déclaration). - voir règlementation sur BSDA ? controles de mise en service de l'ICPE-Avant décembre 2019- qualiconsult à faire venir (devis) | G62: A | H62: A | K62: décision à prendre-procédure à faire
A63: SSE | C63: Saisir et suivre les registres de déchets | F63: Intégrés a soft amiante -se fait automatiquement. Au fur et a mesure de l'avancement de chantier évacuation des déchets - SYSTEME ALERTE | G63: B | H63: B | K63: circuit déchets - cf procédure
A64: SSE-AD | C64: Etablir et envoyer les FIDA -suivi et relance | F64: fait par Fanny et Baptiste - en amont du chantier- en fonction de l'odre des plans de retrait - avoir tout avant l'objectif du chantier | G64: B | H64: C
A65: SSE-AD | C65: Gérer les CAP (certificat d'acceptation préalable): demande suivi et relance | F65: fait par Fanny et Baptiste - en amont du chantier- en fonction de l'odre des plans de retrait - avoir tout avant l'objectif du chantier | G65: B | H65: C
A66: SSE-AD | C66: Prendre en charge les BSDA : Etablissement - suivi -relance de la réception des BSDA | F66: fait par Fanny soutien de Baptiste - taux de remplacement dessus de 4 personnes | G66: B | H66: C
A67: SSE-AD | C67: Demander aux sous traitants de TPE (transporteurs) les récepissés de transport | D67: 1fois/an | E67: 1fois/an | F67: demande au nouveau et ensuite une fois par an -ADR | G67: B | H67: C
A68: OP | B68: Prise en charge de la gestion du chantier LOCACIL | C68: Gérer le planning LOCACIL et suivre l'avancement de ce chantier | D68: 1 fois /sem | E68: 1 fois /sem | F68: 13 batiments : reste 160 appartements a désamianter.envoi de commande sous forme de tableau - 2 cas - soit pendant le depart des locataires-appartement habité - deménagement assuré par la copro sur l'appartiment tiroir + scellées sous huissiers dans l'appartement - | G68: B | H68: C | I68: Tableau de suivi d'avancement des travaux locacil appartements
A69: AD-OP | C69: Envoyer le Tableau avancement LOCACIL | D69: 1 fois /sem | E69: 1 fois /sem | F69: LOCACIL et IS aussi ici les délai PDR sont au plus tôt -48h à l'avance du test du fumée- dérogation IS ( voir si écrite ? ) | G69: B | H69: C
A70: OP | C70: Prendre les photos avant-après opération des désamiantage | D70: Au besoin | E70: Au besoin | F70: suivant les chantiers | G70: B | H70: C
A71: OP | C71: Faire faire la consigne électrique des appartements | D71: Au besoin | E71: Au besoin | G71: B | H71: C
A72: OP | C72: Faire poser les analyses | D72: Au besoin | E72: Au besoin | G72: B | H72: C
A73: COMMERCIAL | B73: Gestion des sous -traitants - Fournisseurs | C73: Renégocier les contrats avec les sous traitants et les fournisseurs | D73: 1fois/an | E73: 1fois/an | F73: ce qui est technique c'est nico - Labo et déchets - Sur la négociation - "pense que cela pourrait être mieux fait" parfois pas les infos et le réseau | G73: B | H73: B | K73: Identifier tous les sous traitants et les fournisseurs - + process SSE gestion des sous -traitants
A74: AD | C74: Rédiger les AOP DC4 | D74: Au besoin | E74: Au besoin | F74: Glissement de taches ? Ne sait pas qui doit le faire. A récupéré car Camille le faisait | G74: A | H74: C | K74: Définir les missions et le rôle.
A75: SSE-AD | C75: Controler et suivre les factures établies avec les sous traitants et fournisseurs | D75: 1 fois /mois | E75: 1 fois /mois | F75: Vérification - erreurs sur analyse-vigilance | G75: A | H75: C | K75: Définir les missions et le rôle.
A76: SSE | C76: Quid évaluation des sous -traitants sur la partie SSE ?
A77: SSE-AD | C77: Envoyer les questionnaires et les certificats de capacité MASE- et suivi | D77: 1 fois /mois | E77: 1 fois /mois | F77: automatisé depuis mai-juin 2019. La fonction soft amiante n'est valable qu'a partir d'un windows 10. | G77: B | H77: C | I77: classeurs sous traitants + soft amiante qui envoi les questionnaires et les traite ??
A78: QUALITE | B78: Suivi et contrôle de certification Mase | C78: Mettre a jour les indicateurs MASE de l'année en cours | D78: 1 fois /mois | E78: 1fois/semestre | F78: pour Laura lui prend moins de temps | G78: B | H78: C | I78: Tableau des indciateurs MASE | K78: liberté de s'organiser selon son mode de fonctionnement.
A79: QUALITE | C79: Mettre à jour et envoyer le suivi semestriel UIC MASE de l'année en cours | D79: 1fois/semestre | E79: 1fois/semestre | G79: B | H79: C | I79: Tableau Normés de UIC MASE
A80: QUALITE | C80: Faire la revue de certification MASE | E80: 1fois/an
A81: QUALITE | B81: Suivi et contrôle de certification AFNOR -NFX 46-010 | C81: Faire la Revue Certification AFNOR | E81: 1fois/an
A82: QUALITE | C82: Envoi de doc pour AFNOR | D82: 1fois/an | E82: 1fois/an
A83: SSE | B83: Veille règlementaire | C83: Réaliser la veille règlementaire et se mettre en conformité
A84: QUALITE | B84: Audit ADR | D84: 1fois/an | E84: 1fois/an | G84: B | H84: B
A85: AD | B85: Archivage

Sheet Matrice
D1: IMPORTANT | E1: I M P O R T A N T / U R G E N T- DO | K1: I M P O R T A N T / N O N U R G E N T -DECIDE | Q1: IMPORTANCE
E2: Tâches A | K2: Tâches B
E3: =IFERROR(INDEX('Missions principales '!$C6:$C$138,SMALL(IF('Missions principales '!$H$6:$H$138="A",ROW(C$6:C$138)-5,""),ROW(A1))),"") | K3: {=IFERROR(INDEX('Missions principales '!$C6:$C$138,SMALL(IF('Missions principales '!$H$6:$H$138="B",ROW(I$6:I$138)-5,""),ROW($A1))),"")} -> Suivre le tableau de gestion des formations
E4: {=IFERROR(INDEX('Missions principales '!$C7:$C$138,SMALL(IF('Missions principales '!$H$6:$H$138="A",ROW(C$6:C$138)-5,""),ROW(A2))),"")} -> Saisir et mettre à jour Soft Amiante-matériel-équipements-mises a jour formations-analyses-PDR-avancement chantier-HSE-expositions …. | K4: {=IFERROR(INDEX('Missions principales '!$C7:$C$138,SMALL(IF('Missions principales '!$H$6:$H$138="B",ROW(I$6:I$138)-5,""),ROW(G2))),"")} -> Notifier la formation sur le planning et sur outlook
E5: {=IFERROR(INDEX('Missions principales '!$C8:$C$138,SMALL(IF('Missions principales '!$H$6:$H$138="A",ROW(C$6:C$138)-5,""),ROW(A3))),"")} -> Etablir et envoyer les FIDA -suivi et relance | K5: {=IFERROR(INDEX('Missions principales '!$C8:$C$138,SMALL(IF('Missions principales '!$H$6:$H$138="B",ROW(I$6:I$138)-5,""),ROW(G3))),"")} -> Mettre a jour Soft-Amiante
E6: {=IFERROR(INDEX('Missions principales '!$C9:$C$138,SMALL(IF('Missions principales '!$H$6:$H$138="A",ROW(C$6:C$138)-5,""),ROW(A4))),"")} | K6: {=IFERROR(INDEX('Missions principales '!$C9:$C$138,SMALL(IF('Missions principales '!$H$6:$H$138="B",ROW(I$6:I$138)-5,""),ROW(G4))),"")} -> Suivre les prises en charge formation constructys
E7: {=IFERROR(INDEX('Missions principales '!$C10:$C$138,SMALL(IF('Missions principales '!$H$6:$H$138="A",ROW(C$6:C$138)-5,""),ROW(A5))),"")} | K7: {=IFERROR(INDEX('Missions principales '!$C10:$C$138,SMALL(IF('Missions principales '!$H$6:$H$138="B",ROW(I$6:I$138)-5,""),ROW(G5))),"")} -> Mettre a jours les indicateurs MASE sur les VM et les Formations
E8: {=IFERROR(INDEX('Missions principales '!$C11:$C$138,SMALL(IF('Missions principales '!$H$6:$H$138="A",ROW(C$6:C$138)-5,""),ROW(A6))),"")} | K8: {=IFERROR(INDEX('Missions principales '!$C11:$C$138,SMALL(IF('Missions principales '!$H$6:$H$138="B",ROW(I$6:I$138)-5,""),ROW(G6))),"")} -> Suivre les autorisations de conduite
E9: {=IFERROR(INDEX('Missions principales '!$C12:$C$138,SMALL(IF('Missions principales '!$H$6:$H$138="A",ROW(C$6:C$138)-5,""),ROW(A7))),"")} | K9: {=IFERROR(INDEX('Missions principales '!$C12:$C$138,SMALL(IF('Missions principales '!$H$6:$H$138="B",ROW(I$6:I$138)-5,""),ROW(G7))),"")} -> Classer les autorisations de conduite mises à jour
E10: {=IFERROR(INDEX('Missions principales '!$C13:$C$138,SMALL(IF('Missions principales '!$H$6:$H$138="A",ROW(C$6:C$138)-5,""),ROW(A8))),"")} | K10: {=IFERROR(INDEX('Missions principales '!$C13:$C$138,SMALL(IF('Missions principales '!$H$6:$H$138="B",ROW(I$6:I$138)-5,""),ROW(G8))),"")} -> Réaliser l'accueil sécurité : video
E11: {=IFERROR(INDEX('Missions principales '!$C14:$C$138,SMALL(IF('Missions principales '!$H$6:$H$138="A",ROW(C$6:C$138)-5,""),ROW(A9))),"")} | K11: {=IFERROR(INDEX('Missions principales '!$C14:$C$138,SMALL(IF('Missions principales '!$H$6:$H$138="B",ROW(I$6:I$138)-5,""),ROW(G9))),"")} -> Affectation d' un casier bleu : étiquette à son nom et à plastifier
E12: {=IFERROR(INDEX('Missions principales '!$C15:$C$138,SMALL(IF('Missions principales '!$H$6:$H$138="A",ROW(C$6:C$138)-5,""),ROW(A10))),"")} | K12: {=IFERROR(INDEX('Missions principales '!$C15:$C$138,SMALL(IF('Missions principales '!$H$6:$H$138="B",ROW(I$6:I$138)-5,""),ROW(G10))),"")} -> Remettre les EPI au salarié
E13: {=IFERROR(INDEX('Missions principales '!$C16:$C$138,SMALL(IF('Missions principales '!$H$6:$H$138="A",ROW(C$6:C$138)-5,""),ROW(A11))),"")} | K13: {=IFERROR(INDEX('Missions principales '!$C16:$C$138,SMALL(IF('Missions principales '!$H$6:$H$138="B",ROW(I$6:I$138)-5,""),ROW(G11))),"")} -> Vérifier les expositions avant envoi au medecin du travail
E14: {=IFERROR(INDEX('Missions principales '!$C17:$C$138,SMALL(IF('Missions principales '!$H$6:$H$138="A",ROW(C$6:C$138)-5,""),ROW(A12))),"")} | K14: {=IFERROR(INDEX('Missions principales '!$C17:$C$138,SMALL(IF('Missions principales '!$H$6:$H$138="B",ROW(I$6:I$138)-5,""),ROW(G12))),"")} -> Répondre aux IS MT CARSAT
E15: {=IFERROR(INDEX('Missions principales '!$C18:$C$138,SMALL(IF('Missions principales '!$H$6:$H$138="A",ROW(C$6:C$138)-5,""),ROW(A13))),"")} | K15: {=IFERROR(INDEX('Missions principales '!$C18:$C$138,SMALL(IF('Missions principales '!$H$6:$H$138="B",ROW(I$6:I$138)-5,""),ROW(G13))),"")} -> Saisir et suivre les analyses sur Soft Amiante.
... E29: {=IFERROR(INDEX('Missions principales '!$C32:$C$138,SMALL(IF('Missions principales '!$H$6:$H$138="A",ROW(C$6:C$138)-5,""),ROW(A27))),"")} | K29: {=IFERROR(INDEX('Missions principales '!$C32:$C$138,SMALL(IF('Missions principales '!$H$6:$H$138="B",ROW(I$6:I$138)-5,""),ROW(G27))),"")}
D31: NON IMPORTANT | E31: N O N I M P O R T A N T / U R G E N T- DELEGATE | K31: N O N I M P O R T A N T / N O N U R G E N T-ELIMINATE
E32: Tâches C | K32: Tâches D
E33: =INDEX('Missions principales '!$C6:$C$138,MATCH("C",'Missions principales '!$H$6:$H$138,0),'Missions principales '!C:C) -> #VALUE!
D63: U R G E N C E
